 Dungeon Crawl Stone Soup version 0.25-a0-576-g50b708a4c4 (webtiles) character file.

Game seed: 7747543105657496475, levelgen mode: deterministic

278 Flugslaktarn the Chopper (level 6, -5/57 HPs)
             Began as a Deep Dwarf Fighter on Mar 1, 2020.
             Killed from afar by Ijyb (10 damage)
             ... with a bolt of acid
             ... on level 3 of the Dungeon.
             The game lasted 00:00:35 (468 turns).

Flugslaktarn the Chopper (Deep Dwarf Fighter)        Turns: 468, Time: 00:00:36

Health: -5/57      AC:  4    Str: 22    XL:     6   Next: 5%
Magic:  2/2        EV:  7    Int:  8    God:
Gold:   33         SH: 10    Dex: 12    Spells: 5/5 levels left

rFire    . . .     SeeInvis .   a - +0 war axe
rCold    . . .     Gourm    .   c - +0 kite shield
rNeg     . . .     Faith    .   b - +0 scale mail
rPois    .         Spirit   .   (no helmet)
rElec    .         Reflect  .   g - +0 cloak
rCorr    .         Harm     .   (no gloves)
MR       .....                  (no boots)
Stlth    ..........             (no amulet)
HPRegen  0.00/turn              (no ring)
MPRegen  0.08/turn              (no ring)

@: corroded, non-regenerating
A: damage resistance, heal wounds, sense surroundings 1, no regeneration
a: Heal Wounds


You were on level 3 of the Dungeon.
You were not hungry.

You visited 1 branch of the dungeon, and saw 3 of its levels.

You collected 33 gold pieces.

Inventory:

Hand Weapons
 a - a +0 war axe (weapon)
Armour
 b - a +0 scale mail (worn)
 c - a +0 kite shield (worn)
 g - a +0 cloak (worn)
   (You found it on level 1 of the Dungeon)
Scrolls
 i - a scroll of remove curse {unknown}
Potions
 d - a potion of might
 h - a potion of berserk rage {unknown}
 j - a potion of cancellation {unknown}
 k - a potion of ambrosia {unknown}
 l - a potion of heal wounds {unknown}
Comestibles
 e - 2 rations
 f - 13 chunks of flesh


   Skills:
 + Level 3.6 Fighting
 * Level 4.7 Axes
 + Level 4.4 Armour
 + Level 4.4 Shields


You had 5 spell levels left.
You didn't know any spells.
Your spell library was empty.

Dungeon Overview and Level Annotations

Branches:
Dungeon (3/15)

Altars:

Annotations:
D:3 Ijyb


Innate Abilities, Weirdness & Mutations

You are resistant to damage.
You can heal yourself by infusing magical energy.
You passively map a small area around you.
You do not regenerate.


Message History

The orc priest hits you with a +0 hand axe.
The orc hits you but does no damage.
You slash the orc priest!
You kill the orc priest!
You have reached level 6!
Your experience leads to an increase in your attributes!
Increase (S)trength, (I)ntelligence, or (D)exterity?
You feel stronger.
You hit the orc.
Ijyb zaps a wand.
The bolt of acid hits you!
* * * LOW HITPOINT WARNING * * *
The acid corrodes you!
You are splashed with acid!
* * * LOW HITPOINT WARNING * * *
The orc hits you with a +0 dagger.
Ijyb screams, "Level is mine!
All mine!"
You fail to use your ability.
The orc hits you but does no damage.
Some of the chunks of flesh in your inventory have rotted away.
You slash the orc!
You kill the orc!
Ijyb zaps a wand.
The bolt of acid hits you!
You die...

* * , ##### #.## *
** * * * # * **#.#.
, , * ... * *######
, , ..# #....# , ..
##....##### * #.*
##.<...รท.... ,
#)#######..)...#####
#g)@......#....#
################


You could see Ijyb.

Vanquished Creatures
  Sigmund (D:3)
  An orc priest (D:3)
  2 adders (D:3)
  2 worms (D:2)
  A dart slug (D:3)
  14 orcs (D:3)
  2 giant cockroaches (D:3)
  12 goblins
  5 hobgoblins
  4 kobolds
  2 quokkas (D:3)
  6 bats
  4 frilled lizards
  4 rats
60 creatures vanquished.

Notes
Turn   | Place    | Note
-------+----------+-------------------------------------------
     0 | D:1      | Flugslaktarn the Deep Dwarf Fighter began the quest for the
                  | Orb.
     0 | D:1      | Reached XP level 1. HP: 20/20 MP: 1/1
    69 | D:1      | Reached XP level 2. HP: 27/27 MP: 2/2
   232 | D:2      | Reached XP level 3. HP: 33/33 MP: 3/3
   291 | D:3      | Reached XP level 4. HP: 27/42 MP: 3/3
   396 | D:3      | Noticed Sigmund
   432 | D:3      | HP: 2/42 [Sigmund/+0 scythe (6)]
   436 | D:3      | Killed Sigmund
   436 | D:3      | Reached XP level 5. HP: 36/49 MP: 1/1
   457 | D:3      | Noticed Ijyb
   465 | D:3      | Reached XP level 6. HP: 30/57 MP: 2/2
   468 | D:3      | Killed from afar by Ijyb

Levels and vault maps discovered:
D:1:      minmay_arrival_diagonal_passages, layout_rooms, minmay_pentomino_o2
D:2:      layout_basic, lemuel_round_altar,
          chequers_ecumenical_altar_simple_redux, uniq_jessica
D:3:      cheibrodos_helix_gallery, layout_rooms, first_ration, uniq_robin,
          uniq_ijyb, uniq_sigmund

Skill      XL: |  1  2  3  4 |
---------------+-------------+-----
Axes           | 3 4 |  4.7
Fighting       | 3 |  3.6
Armour         | 4 |  4.4
Shields        | 4 |  4.4

Action                   |  1- 3 |  4- 6 || total
-------------------------+-------+-------++-------
Melee: War axe           |    93 |    66 ||   159
 Abil: Heal Wounds       |     1 |     5 ||     6
Armor: Scale mail        |    60 |    17 ||    77
Dodge: Dodged            |    48 |    22 ||    70
Block: Kite shield       |    60 |    29 ||    89

Table legend:
 A = Non-vault XP
 B = Vault XP
 C = Vault XP percentage of total XP
 D = Non-vault monster count
 E = Vault monster count
 F = Vault count percentage of total count
                 A         B        C        D         E       F
            +---------+---------+-------+---------+---------+-------
      Total |     185 |     213 |  53.5 |      56 |       4 |   6.7
            +---------+---------+-------+---------+---------+-------
        D:1 |      29 |       2 |   6.5 |      19 |       1 |   5.0
        D:2 |      15 |       0 |   0.0 |       4 |       0 |   0.0
        D:3 |     141 |     211 |  59.9 |      33 |       3 |   8.3
            +---------+---------+-------+---------+---------+-------
